 Dungeon Crawl Stone Soup version 0.23.0-42-geed6394480 (webtiles) character file.

Game seed: 0

100 Ivernyr the Insei (level 4, -2/21 HPs)
             Began as a Vine Stalker Transmuter on Mar 1, 2019.
             Killed from afar by an orc wizard (5 damage)
             ... with a magic dart
             ... on level 3 of the Dungeon.
             The game lasted 00:15:42 (2676 turns).

Ivernyr the Insei (Vine Stalker Transmuter)         Turns: 2676, Time: 00:15:45

Health: -2/21      AC:  5    Str: 13    XL:     4   Next: 74%
Magic:  0/9        EV: 12    Int: 14    God:
Gold:   67         SH:  0    Dex: 14    Spells: 2/8 levels left

rFire    . . .     SeeInvis .     - Unarmed
rCold    . . .     Gourm    .   (no shield)
rNeg     . . .     Faith    .   b - +0 robe
rPois    .         Spirit   +   (no helmet)
rElec    .         Reflect  .   (no cloak)
rCorr    .         Harm     .   (no gloves)
MR       +....                  c - +2 pair of boots
Stlth    +.........             (no amulet)
HPRegen  0.47/turn              i - ring of protection from magic
MPRegen  0.11/turn              (no ring)

@: no status effects
A: fangs 2, regeneration 1, magic shield, antimagic bite, no potion heal 3, rot
immunity
a: no special abilities


You were on level 3 of the Dungeon.
You were not hungry.

You visited 1 branch of the dungeon, and saw 3 of its levels.

You collected 67 gold pieces.

Inventory:

Missiles
 a - 36 arrows
Armour
 b - a +0 robe (worn)
 c - a +2 pair of boots (worn)
Jewellery
 i - a ring of protection from magic (left hand)
Scrolls
 e - 2 scrolls of fear {unknown}
 f - a scroll of enchant weapon {unknown}
 g - a scroll of random uselessness {unknown}
 h - 8 scrolls of identify {unknown}
 j - a scroll of teleportation {unknown}
 k - 4 scrolls of remove curse {unknown}
 p - a scroll of immolation {unknown}
 q - a scroll of amnesia {unknown}
 r - a scroll of magic mapping {unknown}
Potions
 l - a potion of haste
 m - a potion of heal wounds {unknown}
 n - a potion of degeneration {unknown}
 o - a potion of brilliance
Comestibles
 d - 2 rations
 s - 2 chunks of flesh


   Skills:
 - Level 0.8 Fighting
 + Level 2.2 Dodging
 + Level 3.5 Unarmed Combat
 + Level 2.8 Spellcasting
 * Level 3.4 Transmutations


You had 2 spell levels left.
You knew the following spells:

 Your Spells              Type           Power        Failure   Level  Hunger
a - Beastly Appendage     Tmut           ##....       5%          1    #......
b - Sticks to Snakes      Tmut           ##......     9%          2    ##.....
c - Spider Form           Tmut/Pois      #.........   32%         3    ###....

Your spell library contained the following spells:

 Spells                   Type           Power        Failure   Level  Hunger
 Ice Form                 Ice/Tmut       #.......     71%         4    #####..
 Blade Hands              Tmut           ##........   83%         5    ######.


Dungeon Overview and Level Annotations

Branches:
Dungeon (3/15)

Altars:


Innate Abilities, Weirdness & Mutations

You have extremely sharp teeth.
Your natural rate of healing is unusually fast.
When hurt, damage is shared between your health and your magic reserves.
Your bite disrupts and absorbs the magic of your enemies.
Potions cannot restore your health.
You are immune to rotting.


Message History

The orc wizard points at you and mumbles some strange words.
The magic dart hits you.
The orc wizard mumbles some strange words.
The orc wizard blinks!
The orc wizard hits you with a +0 dagger.
The orc wizard casts a spell at you. The magic dart hits you!
You hit the orc wizard.
The orc wizard is heavily wounded.
Your horns disappear.
The orc wizard points at you and mumbles some strange words.
The magic dart hits you!
* * * LOW HITPOINT WARNING * * *
You hit the orc wizard but do no damage.
Your bite misses the orc wizard.
The orc wizard is heavily wounded.
The orc wizard hits you but does no damage.
The orc wizard points at you and mumbles some strange words.
The magic dart hits you.
You die...

#.###.###.##.# #.# #.#
#.##.# #.###.###.##.#
#.........##.#
##...........######
#.##.#########.... #.##.#
###.... #o##.# #......
#@##.# ##.#....
#.##.######.......
#.######...........>.##.#
#....).......#####...##.#
###########.......#####.#
##.####.# .. .# #.# # #
#.# ###.### .


You could see an orc wizard.

Vanquished Creatures
  A gnoll (D:1)
  2 adders (D:2)
  A worm (D:2)
  2 dart slugs
  3 orcs (D:3)
  5 bats
  4 giant cockroaches (D:2)
  8 goblins
  8 hobgoblins
  7 jackals
  3 quokkas (D:2)
  3 frilled lizards
  4 kobolds
  5 rats
56 creatures vanquished.

Notes
Turn   | Place    | Note
-------+----------+-------------------------------------------
     0 | D:1      | Ivernyr the Vine Stalker Transmuter began the quest for the
                  | Orb.
     0 | D:1      | Reached XP level 1. HP: 9/9 MP: 4/4
    86 | D:1      | Reached XP level 2. HP: 2/14 MP: 1/6
   379 | D:1      | Learned a level 2 spell: Sticks to Snakes
   676 | D:1      | Reached XP level 3. HP: 17/17 MP: 7/7
   681 | D:1      | Learned a level 3 spell: Spider Form
  1867 | D:2      | Gained mutation: Your natural rate of healing is unusually
                  | fast. [Vine Stalker growth]
  1867 | D:2      | Reached XP level 4. HP: 21/21 MP: 7/9
  1941 | D:2      | You fall through a shaft!
  2598 | D:3      | Found a faded altar of an unknown god.
  2676 | D:3      | Killed from afar by an orc wizard

Skill      XL: |  1  2  3 |
---------------+----------+-----
Dodging        | 2 |  2.2
Transmutations | 3 |  3.4
Fighting       | |  0.8
Unarmed Combat | |  3.5
Spellcasting   | |  2.8

Action                   |  1- 3 |  4- 6 || total
-------------------------+-------+-------++-------
Melee: Unarmed           |   112 |    93 ||   205
       Bite              |    26 |    19 ||    45
       Headbutt          |     8 |     6 ||    14
       Punch             |     2 |       ||     2
 Cast: Beastly Appendage |     7 |     6 ||    13
  Use: Potion            |     3 |       ||     3
 Stab: Sleeping          |     4 |     1 ||     5
  Eat: Chunk             |     2 |     4 ||     6
Armor: Robe              |    33 |    28 ||    61
Dodge: Dodged            |    73 |    58 ||   131
